 Dungeon Crawl Stone Soup version 0.15.0-11-g6f4f891 (webtiles) character file.

22408 JackTrades the Basher (level 13, -8/84 HPs)
             Began as a Gargoyle Gladiator on Aug 30, 2014.
             Was the Champion of Cheibriados.
             Blown up by an orb spider (25 damage)
             ... with an orb of destruction
             ... on Level 1 of the Spider Nest on Aug 31, 2014.
             The game lasted 00:42:12 (10485 turns).

JackTrades the Basher (Gargoyle Gladiator)         Turns: 10485, Time: 00:42:12

HP  -8/84        AC 26     Str 35      XL: 13   Next:  0%
MP  24/24        EV 20     Int 26      God: Cheibriados [******]
Gold 739         SH  0     Dex 27      Spells:  0 memorised, 12 levels left

rFire  + + .     SeeInvis .     i - +2 great mace (freeze)
rCold  x . .     Clarity  .     P - +0 fire dragon armour
rNeg   + . .     rCorr    .     (no shield)
rPois  +         rRot     +     b - +0 helmet
rElec  +         Spirit   .     D - +2 cloak
SustAb .         Warding  .     n - +0 pair of gloves
rMut   +         Stasis   .     s - +0 pair of boots
Gourm  .                        j - amulet of resist mutation
MR     .....                    (no ring)
                                (no ring)

@: very slightly contaminated, very slow, not resistant to hostile enchantments,
very unstealthy
A: negative energy resistance 1, electricity resistance, unbreathing,
petrification resistance, rot immunity, AC +9
a: Bend Time, Temporal Distortion, Slouch, Step From Time, Renounce Religion


You were on level 1 of the Spider Nest.
You worshipped Cheibriados.
Cheibriados was exalted by your worship.
You were very hungry.

You visited 4 branches of the dungeon, and saw 14 of its levels.
You also visited: Sewer.

You collected 739 gold pieces.

Inventory:

Hand weapons
 i - a +2 great mace of freezing (weapon)
Armour
 b - a +0 helmet (worn)
 n - a +0 pair of gloves (worn)
 s - a +0 pair of boots (worn)
 D - a +2 cloak (worn)
 P - a +0 fire dragon armour (worn)
Comestibles
 f - 3 bread rations
 g - 5 slices of pizza
 k - 11 fruits
 p - 7 meat rations
 w - 2 beef jerkies
 B - 2 royal jellies
Scrolls
 e - 8 scrolls of identify
 l - 3 scrolls of magic mapping
 m - 8 scrolls of teleportation
 o - 5 scrolls of recharging
 r - 5 scrolls of remove curse
 x - 4 scrolls of fog
 F - a scroll of amnesia
Jewellery
 c - an uncursed ring of magical power
 j - an amulet of resist mutation (around neck)
 u - the ring of the Falcon {rN+ Str+3 Int+2, unknown}
   (You found it on level 1 of the Lair of Beasts)

   [ring of positive energy]

   It affects your strength (+3).
   It affects your intelligence (+2).
   It protects you from negative energy.
 y - an uncursed ring of magical power
Potions
 a - 2 potions of brilliance
 q - 5 potions of curing
 z - a potion of porridge
 A - 2 potions of restore abilities
 E - 4 potions of flight
 H - a potion of cure mutation


   Skills:
 * Level 10.8 Fighting
 * Level 12.4(12.6) Maces & Flails
   Level 3.9(9.0) Staves
 - Level 2.0 Throwing
 + Level 5.5 Armour
 * Level 9.6 Dodging
 * Level 7.9 Invocations


You had 12 spell levels left.
You didn't know any spells.

Dungeon Overview and Level Annotations

Branches:
Dungeon (9/15)             Temple (1/1) D:4             Orc (0/4) D:9
   Lair (3/8) D:9           Swamp (0/5) Lair:3       Spider (1/5) Lair:3

Altars:
Ashenzari
Cheibriados
Dithmenos
Fedhas
Kikubaaqudgha
Makhleb
Okawaru
Qazlal
Sif Muna
Trog
Vehumet
Xom
Zin
The Shining One

Shops:
D:5 (


Innate Abilities, Weirdness & Mutations

You are resistant to torment.
You are immune to poison.
Your stone body is very resilient (AC +9).
You resist negative energy.
You are resistant to electric shocks.
You can survive without breathing.
You are immune to petrification.
You are immune to rotting.


Message History

You bludgeon the tarantella!! You freeze the tarantella.
You kill the tarantella!
Cheibriados thoroughly appreciates the change of pace.
You have reached level 13!
The orb spider pulsates with a strange energy.
The orb spider weaves a glowing orb of energy.
You see here a jumping spider corpse.
The orb of destruction hits you!
* * * LOW HITPOINT WARNING * * *
The orb spider pulsates with a strange energy.
The orb spider weaves a glowing orb of energy.
Read which item? (? for menu, Esc to quit)
Blink to where?
Press: ? - help, Dir - move target cursor
As you read the scroll of blinking, it crumbles to dust.
You are very lightly contaminated with residual magic.
Drink which item? (? for menu, Esc to quit)
Okay, then.
The orb of destruction hits you!
You die...

^. .... . ##..#. ..
###.....#. .#..
#..^.^.... .....#
#<.#......
.....s######
#..........
##.....#..###.@...##..
#.....*.%.#.§§#...#
#.....*§%^§§.....##
#####...§§.......#
##.####...#...# ###
#...#....# ##......##
##....## ##..##


There were no monsters in sight!

Vanquished Creatures
  Snorg (Lair:3)
  A fire dragon (Lair:1)
  The ghost of Crauler the Transmogrifier, a powerful DrTm of Makhleb (Lair:3)
  5 hydras
  2 wolf spiders (Spider:1)
  10 elephants
  2 black mambas
  An item mimic (Lair:2)
  7 spiny frogs
  3 komodo dragons
  Grinder (D:4)
  A jumping spider (Spider:1)
  A boulder beetle (Lair:3)
  A trapdoor spider (Spider:1)
  7 yaks
  A redback (Spider:1)
  A tarantella (Spider:1)
  2 hippogriffs
  A swamp worm (Lair:3)
  Menkaure (D:6)
  10 water moccasins
  3 sky beasts
  An ice beast (D:5)
  6 porcupines
  A phantom (D:8)
  2 spiders (Spider:1)
  7 ogres
  An orc warrior (D:7)
  A centaur (D:9)
  4 crocodiles
  6 giant frogs
  A big kobold (D:9)
  A jelly (D:8)
  3 killer bees (D:9)
  4 scorpions
  A hippogriff zombie (D:8)
  9 wights
  An electric eel (Lair:3)
  5 goliath beetles
  A giant frog zombie (D:6)
  3 crimson imps
  3 orc priests
  A giant frog skeleton (D:8)
  5 hounds
  5 iguanas
  8 worker ants
  4 orc wizards
  A sky beast zombie (D:7)
  A hound zombie (D:5)
  An ogre skeleton (D:6)
  A hound skeleton (D:4)
  A mummy (D:9)
  A worker ant zombie (D:6)
  A scorpion zombie (D:5)
  10 adders
  16 green rats
  A shadow imp (D:5)
  2 giant mites (Lair:3)
  An inept feature mimic (D:6)
  6 worms
  2 oozes
  20 orcs
  A bat zombie (D:6)
  14 giant cockroaches
  11 goblins
  16 hobgoblins
  10 jackals
  17 kobolds
  9 quokkas
  2 ball pythons
  18 bats
  7 giant geckos
  A giant gecko skeleton (D:4)
  7 giant newts
  A goblin skeleton (D:4)
  A hobgoblin zombie (D:5)
  A jackal zombie (D:8)
  An orc skeleton (D:5)
  19 rats
  A rat zombie (D:6)
  2 ballistomycetes (D:6)
351 creatures vanquished.

Vanquished Creatures (others)
  2 scorpions (Lair:3)
  A giant spore (D:6)
3 creatures vanquished.

Grand Total: 354 creatures vanquished

Notes
Turn   | Place    | Note
--------------------------------------------------------------
     0 | D:1      | JackTrades, the Gargoyle Gladiator, began the quest for the Orb.
     0 | D:1      | Reached XP level 1. HP: 12/12 MP: 1/1
    92 | D:1      | Reached XP level 2. HP: 16/18 MP: 2/2
   594 | D:2      | Reached XP level 3. HP: 13/22 MP: 3/3
  1146 | D:2      | Reached XP level 4. HP: 17/27 MP: 4/4
  1194 | D:2      | Found a shattered altar of Ashenzari.
  1366 | D:2      | Found a shimmering altar of Xom.
  1369 | D:2      | Found a glowing silver altar of Zin.
  1438 | D:2      | Reached skill level 1 in Armour
  1639 | D:3      | Found a snail-covered altar of Cheibriados.
  1696 | D:3      | Became a worshipper of Cheibriados the Contemplative
  1837 | D:3      | Found a glowing silver altar of Zin.
  2188 | D:3      | Reached XP level 5. HP: 24/32 MP: 5/5
  2398 | D:4      | Reached skill level 1 in Maces & Flails
  2566 | D:4      | Noticed Grinder
  2566 | D:4      | Paralysed by Grinder for 2 turns
  2574 | D:4      | Killed Grinder
  2574 | D:4      | Reached skill level 4 in Dodging
  2574 | D:4      | Reached skill level 1 in Invocations
  2574 | D:4      | Reached XP level 6. HP: 21/37 MP: 5/7
  2726 | D:4      | Reached XP level 7. HP: 26/41 MP: 8/8
  2792 | D:4      | Noticed an ogre
  2800 | D:4      | Killed an ogre
  3008 | D:4      | Found a staircase to the Ecumenical Temple.
  3116 | Temple   | Entered the Ecumenical Temple
  3316 | D:5      | Entered Level 5 of the Dungeon
  3522 | D:5      | Found a glowing drain.
  3564 | Sewer    | Entered a sewer
  3608 | Sewer    | Reached XP level 8. HP: 36/48 MP: 10/10
  3698 | Sewer    | Acquired Cheibriados' first power
  3917 | D:5      | Reached skill level 5 in Dodging
  3956 | D:5      | Found Sikudipoh's Weapon Boutique.
  4498 | D:6      | Reached skill level 5 in Maces & Flails
  4542 | D:6      | Reached skill level 5 in Fighting
  4552 | D:6      | Acquired Cheibriados' second power
  4661 | D:6      | Found a deep blue altar of Sif Muna.
  4761 | D:6      | Found a blossoming altar of Fedhas.
  4863 | D:6      | Reached XP level 9. HP: 18/54 MP: 14/14
  4895 | D:6      | Noticed Menkaure
  4899 | D:6      | Killed Menkaure
  4899 | D:6      | Reached skill level 6 in Maces & Flails
  5009 | D:6      | Found a shadowy altar of Dithmenos.
  5737 | D:7      | Found a stormy altar of Qazlal.
  5769 | D:7      | Acquired Cheibriados' third power
  6351 | D:8      | Found a glowing golden altar of the Shining One.
  6587 | D:8      | Reached skill level 7 in Maces & Flails
  6800 | D:8      | Reached XP level 10. HP: 61/61 MP: 17/17
  6902 | D:8      | Reached skill level 8 in Maces & Flails
  7133 | D:9      | Found a shattered altar of Ashenzari.
  7202 | D:9      | Found a staircase to the Orcish Mines.
  7284 | D:9      | Found a staircase to the Lair.
  7288 | D:9      | Noticed a six-headed hydra
  7296 | D:9      | Killed a six-headed hydra
  7296 | D:9      | Reached skill level 5 in Invocations
  7872 | Lair:1   | Entered Level 1 of the Lair of Beasts
  7873 | Lair:1   | Upgraded the game from 0.15.0-8-gb109cf8 to 0.15.0-11-g6f4f891
  7944 | Lair:1   | Noticed an eight-headed hydra
  7952 | Lair:1   | Killed an eight-headed hydra
  7952 | Lair:1   | Reached skill level 9 in Maces & Flails
  8152 | Lair:1   | Noticed a black mamba
  8154 | Lair:1   | Killed a black mamba
  8154 | Lair:1   | Reached XP level 11. HP: 49/68 MP: 20/20
  8605 | Lair:1   | Reached skill level 10 in Maces & Flails
  8766 | Lair:1   | Noticed a fire dragon
  8780 | Lair:1   | Killed a fire dragon
  8818 | Lair:1   | Got a fine bronze ring
  9132 | Lair:2   | Noticed a four-headed hydra
  9136 | Lair:2   | Killed a four-headed hydra
  9645 | Lair:2   | Reached skill level 11 in Maces & Flails
  9645 | Lair:2   | Reached XP level 12. HP: 71/76 MP: 21/23
  9747 | Lair:3   | Noticed Snorg
  9756 | Lair:3   | Killed Snorg
  9788 | Lair:3   | Found a staircase to the Swamp.
  9862 | Lair:3   | Reached skill level 10 in Fighting
  9862 | Lair:3   | Reached skill level 5 in Armour
  9963 | Lair:3   | Noticed Crauler's ghost (powerful DrTm)
  9973 | Lair:3   | Noticed a seven-headed hydra
  9984 | Lair:3   | Killed a seven-headed hydra
  9990 | Lair:3   | Killed Crauler's ghost
 10069 | Lair:3   | Noticed a death yak
 10069 | Lair:3   | Noticed a six-headed hydra
 10076 | Lair:3   | Killed a six-headed hydra
 10076 | Lair:3   | Reached skill level 12 in Maces & Flails
 10132 | Lair:3   | Found a hole to the Spider Nest.
 10155 | Spider:1 | Entered Level 1 of the Spider Nest
 10478 | Spider:1 | Reached XP level 13. HP: 47/84 MP: 24/24
 10485 | Spider:1 | Blown up by an orb spider

Action                   |  1- 3 |  4- 6 |  7- 9 | 10-12 | 13-15 || total
-------------------------+-------+-------+-------+-------+-------++-------
Melee: Quarterstaff      |    46 |       |       |       |       ||    46
       Mace              |    72 |   149 |       |       |       ||   221
       Great mace        |       |    61 |   358 |   397 |       ||   816
Invok: Bend Time         |       |       |       |     1 |       ||     1
       Slouch            |       |       |       |     1 |       ||     1
Evoke: Wand              |       |       |     6 |     2 |       ||     8
  Use: Scroll            |       |       |    12 |     5 |     1 ||    18
       Potion            |       |       |     9 |     5 |       ||    14
 Stab: Sleeping          |       |       |     4 |       |       ||     4
       Confused          |       |       |     1 |       |       ||     1
       Distracted        |       |       |     1 |       |       ||     1
  Eat: Chunk             |     1 |     5 |    10 |     8 |       ||    24
